Knights vs Blackdemons
Created - February 18, 2018 at 20:03
Goals
|
| Knights |
4 |
0 |
2 |
6 |
| Blackdemons |
0 |
3 |
2 |
5 |
|
Shots
|
| Knights |
12 |
12 |
7 |
31 |
| Blackdemons |
9 |
9 |
13 |
31 |
|
1st period
1. Knights , Michael Raffl 20 (Jimmy Hayes 21) at 11:16
2. Knights , Cody Bass 18 (Jimmy Hayes 22, Jared Spurgeon 18) at 17:02
3. Knights , Kevin Hayes 10 (Noel Acciari 15) at 17:49
4. Knights , Jaccob Slavin 5 (Jimmy Hayes 23, Scott Wilson 5) at 18:33 (PP)
Penalties :
Blake Pietila (MJM) for Tripping (Minor) at 7:23, Calvin de Haan (MJM) for Roughing (Minor) at 11:39, Mathew Dumba (MJM) for Hooking (Minor) at 17:52
2nd period
5. Blackdemons , Branko Radivojevic 28 (Andy McDonald 29, Roman Josi 9) at 3:45
6. Blackdemons , Calvin de Haan 7 (Blake Pietila 12, Keaton Ellerby 35) at 6:48
7. Blackdemons , Patrice Cormier 23 (Branko Radivojevic 24, Andy McDonald 30) at 11:40
Penalties :
Calvin de Haan (MJM) for Tripping (Minor) at 13:48
3rd period
8. Blackdemons , Branko Radivojevic 29 (Calvin de Haan 31) at 3:58
9. Knights , Linden Vey 19 (Jared Spurgeon 19, Jacob Trouba 14) at 15:22
10. Knights , Cody Bass 19 (Jimmy Hayes 24, Michael Raffl 38) at 19:16 (Empty Net)
11. Blackdemons , Ales Kotalik 22 (Calvin de Haan 32, Kyle Rau 17) at 19:23
Penalties :
Michael Matheson (Lon) for Holding (Minor) at 7:11, Alan Quine (Lon) for Interference (Minor) at 16:37
Goalie Stats
Magnus Hellberg (Lon), 26 saves from 31 shots - (0.839), W, 6-5-1, 60:00 minutes
Matt Hackett (MJM), 25 saves from 30 shots - (0.833), L, 22-15-2, 59:02 minutes
Players Stats for Knights
Player Name G A P +/- PIM S H SB GA TA FO MP PP MP PK MP
------------------------------------------------------------------------------------
Alan Quine 0 0 0 -2 2 2 1 0 0 0 2/2 8:00 0:00 0:00
Brendan Gaunce 0 0 0 0 0 3 0 0 0 1 4/14 14:48 3:00 0:00
Cody Bass 2 0 2 3 0 4 3 1 0 0 13/29 19:47 3:26 0:00
Collin Miller 0 0 0 1 0 1 0 2 0 0 0/0 14:47 2:51 0:23
Jaccob Slavin 1 0 1 -3 0 2 2 1 0 0 0/0 21:01 3:31 1:29
Jacob Trouba 0 1 1 2 0 3 1 0 0 2 0/0 27:37 3:07 2:39
Jared Spurgeon 0 2 2 2 0 3 1 0 0 2 0/0 28:04 3:47 2:22
Jimmy Hayes 0 4 4 3 0 0 1 1 1 0 1/1 19:43 3:00 0:27
Jordan Martinook 0 0 0 0 0 0 2 2 0 0 0/1 11:48 0:00 0:00
Kevin Hayes 1 0 1 -1 0 3 2 0 1 0 2/3 18:39 3:21 2:00
Linden Vey 1 0 1 0 0 3 0 0 1 0 0/0 12:06 0:17 0:00
Matt Puempel 0 0 0 -2 0 1 3 1 0 0 0/0 9:43 0:12 1:29
Michael Matheson 0 0 0 1 2 0 0 0 0 0 0/0 11:42 0:00 0:40
Michael Raffl 1 1 2 3 0 3 1 1 1 0 0/0 21:49 3:26 2:02
Noel Acciari 0 1 1 -1 0 2 0 0 0 0 8/13 14:54 0:12 1:28
Scott Wilson 0 1 1 -1 0 0 0 0 0 0 0/0 16:13 3:00 0:00
Stefan Matteau 0 0 0 0 0 0 0 0 0 0 0/0 0:37 0:00 0:30
Tom Wilson 0 0 0 -2 0 0 0 0 0 0 0/0 7:54 0:00 0:00
Zach Trotman 0 0 0 -3 0 1 2 2 0 3 0/0 16:48 0:00 0:23
Players Stats for Blackdemons
Player Name G A P +/- PIM S H SB GA TA FO MP PP MP PK MP
------------------------------------------------------------------------------------
Ales Kotalik 1 0 1 0 0 4 2 3 1 0 0/1 19:42 1:31 2:07
Alexandre Grenier 0 0 0 0 0 1 0 2 0 0 0/0 7:44 0:00 0:00
Andrew MacDonald 0 0 0 -2 0 1 1 1 1 0 0/0 24:31 1:50 4:09
Andy McDonald 0 2 2 -2 0 1 0 0 2 0 0/0 18:40 1:31 0:22
Blake Pietila 0 1 1 1 2 3 0 0 1 0 0/0 8:03 0:00 0:00
Branko Radivojevic 2 1 3 0 0 3 1 0 0 0 0/0 18:11 2:27 0:00
Brett Kulak 0 0 0 1 0 0 0 0 0 0 0/0 4:16 0:00 0:00
Calvin de Haan 1 2 3 1 4 4 0 0 0 0 0/0 20:33 2:08 0:00
Charles-Olivier Roussel 0 0 0 1 0 0 0 0 0 0 0/0 4:16 0:00 0:00
Jeffrey Foss 0 0 0 -1 0 1 0 0 0 0 0/0 13:24 0:00 4:09
Keaton Ellerby 0 1 1 2 0 3 0 2 0 3 0/0 22:33 2:08 2:29
Kyle Rau 0 1 1 1 0 0 1 0 0 0 3/4 12:56 0:00 1:12
Martin Hanzal 0 0 0 -2 0 0 3 1 1 1 13/24 19:57 2:27 2:07
Mathew Dumba 0 0 0 -1 2 0 3 1 0 0 0/0 21:52 1:50 2:29
Max Friberg 0 0 0 1 0 0 0 0 0 0 0/0 8:07 0:00 0:00
Patrice Cormier 1 0 1 0 0 4 0 2 0 0 13/27 19:45 1:31 3:37
Roman Josi 0 1 1 -1 0 0 0 0 0 0 0/0 8:40 0:00 0:00
Ronalds Kenins 0 0 0 -1 0 2 2 0 2 0 0/0 20:34 2:27 3:33
Scott Timmins 0 0 0 1 0 3 1 1 0 0 4/7 8:22 0:00 0:18
Sergei Plotnikov 0 0 0 1 0 1 0 1 0 0 0/0 11:12 0:00 0:00
3 Stars
1 - Cody Bass (Lon)
2 - Jimmy Hayes (Lon)
3 - Branko Radivojevic (MJM)
Power Play
Knights - 1 on 4 Attempt(s) - 25.00%
Blackdemons - 0 on 2 Attempt(s) - 0.00%
Penalty Kill
Knights - 2 on 2 Attempt(s) - 100.00%
- Score 0 goal in Penalty Kill
Blackdemons - 3 on 4 Attempt(s) - 75.00%
- Score 0 goal in Penalty Kill
Team Stat
Knights - Hits : 19 - Faceoff Wins : 30 - Blocked Shots : 11 - Penalty Minutes : 4
Blackdemons - Hits : 14 - Faceoff Wins : 33 - Blocked Shots : 14 - Penalty Minutes : 8
Official
Referees : StPierre Justin and Banfield David
Linesman : Mark Pare and Shane Heyer
Game Notes
Alexandre Grenier is injured at 19:45 of 2nd period (Right Hand)
Cody Bass has scored in a empty net!
Finance
Level 1 -- Attendance: 1562 (78.10%) -- Ticket Income $62,480
Level 2 -- Attendance: 776 (77.60%) -- Ticket Income $15,520
Total Attendance: 2338 (77.93%)
Total Ticket Income: $78,000
Other Income: $3,900
Total Income: $81,900
Knights
5 vs 5 Forward
Center Left Wing Right Wing Time % Phy DF OF
1 Cody Bass Michael Raffl Jimmy Hayes 35 1 2 2
2 Noel Acciari Scott Wilson Kevin Hayes 30 1 2 2
3 Brendan Gaunce Jordan Martinook Linden Vey 25 1 2 2
4 Alan Quine Matt Puempel Tom Wilson 10 1 2 2
5 vs 5 Defense
Defense Defense Time % Phy DF OF
1 Jared Spurgeon Jacob Trouba 40 1 2 2
2 Zach Trotman Jaccob Slavin 30 1 2 2
3 Michael Matheson Collin Miller 20 1 2 2
4 Jared Spurgeon Jacob Trouba 10 1 2 2
PowerPlay Forward
Center Left Wing Right Wing Time % Phy DF OF
1 Cody Bass Michael Raffl Kevin Hayes 60 1 0 4
2 Brendan Gaunce Scott Wilson Jimmy Hayes 40 1 0 4
PowerPlay Defense
Defense Defense Time % Phy DF OF
1 Jaccob Slavin Jared Spurgeon 60 1 2 2
2 Collin Miller Jacob Trouba 40 1 2 2
Penalty Kill 4 Players Forward
Center Wing Time % Phy DF OF
1 Kevin Hayes Michael Raffl 60 1 3 1
2 Noel Acciari Jimmy Hayes 40 1 3 1
Penalty Kill 4 Players Defense
Defense Defense Time % Phy DF OF
1 Jared Spurgeon Jacob Trouba 60 1 4 0
2 Jaccob Slavin Michael Matheson 40 1 4 0
Penalty Kill - 3 Players Forward
Forward Time % Phy DF OF
1 Jimmy Hayes 60 0 4 1
2 Kevin Hayes 40 0 4 1
Penalty Kill - 3 Players Defense
Defense Defense Time % Phy DF OF
1 Jared Spurgeon Jacob Trouba 60 1 4 0
2 Jaccob Slavin Michael Matheson 40 1 4 0
4 vs 4 Forward
Center Wing Time % Phy DF OF
1 Michael Raffl Jimmy Hayes 60 1 2 2
2 Noel Acciari Kevin Hayes 40 1 2 2
4 vs 4 Defense
Defense Defense Time % Phy DF OF
1 Jaccob Slavin Jared Spurgeon 60 1 2 2
2 Michael Matheson Jacob Trouba 40 1 2 2
Last Minutes Offensive
Center Left Wing Right Wing Defense Defense
Cody Bass Michael Raffl Jimmy Hayes Jared Spurgeon Jacob Trouba
Last Minutes Defensive
Center Left Wing Right Wing Defense Defense
Cody Bass Michael Raffl Jimmy Hayes Jared Spurgeon Jacob Trouba
Goaltenders
Starting : Magnus Hellberg
Backup : Ben Scrivens
Extra Forwards
Normal : Jimmy Hayes, Michael Raffl, Kevin Hayes - PP : Michael Raffl, Jimmy Hayes - PK : Michael Raffl
Extra Defensemen
Normal : Jaccob Slavin, Jacob Trouba, Jared Spurgeon - PP : Jacob Trouba - PK : Jacob Trouba, Jared Spurgeon
Penalty Shots
Jimmy Hayes, Cody Bass, Kevin Hayes, Michael Raffl, Noel Acciari
Scratches
Jordan Weal (Healthy), David Shields (Healthy), Matthew Benning (Healthy), Matt Grzelcyk (Healthy), Brett Connolly (Healthy)
Travis Boyd (Healthy), Scott Jackson (Healthy), Nikita Nikitin (Healthy), A.J. Jenks (Healthy), Connor Knapp (Healthy)
Blackdemons
5 vs 5 Forward
Center Left Wing Right Wing Time % Phy DF OF
1 Martin Hanzal Ronalds Kenins Ales Kotalik 37 0 2 3
2 Patrice Cormier Andy McDonald Branko Radivojevic 36 0 2 3
3 Kyle Rau Sergei Plotnikov Alexandre Grenier 21 1 2 2
4 Scott Timmins Blake Pietila Max Friberg 6 0 4 1
5 vs 5 Defense
Defense Defense Time % Phy DF OF
1 Keaton Ellerby Calvin de Haan 39 0 3 2
2 Andrew MacDonald Mathew Dumba 38 0 3 2
3 Roman Josi Jeffrey Foss 18 1 2 2
4 Brett Kulak Charles-Olivier Roussel 5 1 3 1
PowerPlay Forward
Center Left Wing Right Wing Time % Phy DF OF
1 Martin Hanzal Ronalds Kenins Branko Radivojevic 60 0 1 4
2 Patrice Cormier Andy McDonald Ales Kotalik 40 0 1 4
PowerPlay Defense
Defense Defense Time % Phy DF OF
1 Andrew MacDonald Mathew Dumba 60 0 1 4
2 Keaton Ellerby Calvin de Haan 40 0 1 4
Penalty Kill 4 Players Forward
Center Wing Time % Phy DF OF
1 Patrice Cormier Ronalds Kenins 60 0 5 0
2 Martin Hanzal Ales Kotalik 40 0 5 0
Penalty Kill 4 Players Defense
Defense Defense Time % Phy DF OF
1 Andrew MacDonald Jeffrey Foss 60 0 5 0
2 Keaton Ellerby Mathew Dumba 40 0 5 0
Penalty Kill - 3 Players Forward
Forward Time % Phy DF OF
1 Patrice Cormier 60 0 5 0
2 Max Friberg 40 0 5 0
Penalty Kill - 3 Players Defense
Defense Defense Time % Phy DF OF
1 Andrew MacDonald Calvin de Haan 60 0 5 0
2 Calvin de Haan Jeffrey Foss 40 0 5 0
4 vs 4 Forward
Center Wing Time % Phy DF OF
1 Martin Hanzal Branko Radivojevic 60 1 2 2
2 Patrice Cormier Max Friberg 40 1 2 2
4 vs 4 Defense
Defense Defense Time % Phy DF OF
1 Andrew MacDonald Brett Kulak 60 1 2 2
2 Calvin de Haan Jeffrey Foss 40 1 2 2
Last Minutes Offensive
Center Left Wing Right Wing Defense Defense
Martin Hanzal Andy McDonald Branko Radivojevic Andrew MacDonald Calvin de Haan
Last Minutes Defensive
Center Left Wing Right Wing Defense Defense
Patrice Cormier Andy McDonald Branko Radivojevic Andrew MacDonald Calvin de Haan
Goaltenders
Starting : Matt Hackett
Backup : Laurent Brossoit
Extra Forwards
Normal : Ales Kotalik, Andy McDonald, Kyle Rau - PP : Andy McDonald, Ales Kotalik - PK : Kyle Rau
Extra Defensemen
Normal : Calvin de Haan, Andrew MacDonald, Jeffrey Foss - PP : Andrew MacDonald - PK : Andrew MacDonald, Calvin de Haan
Penalty Shots
Martin Hanzal, Branko Radivojevic, Ronalds Kenins, Andy McDonald, Alexandre Grenier
Scratches
Colin Smith (Healthy), Klas Dahlbeck (Healthy), Jyrki Jokipakka (Healthy), Mackenzie MacEachern (Healthy), Reece Scarlett (Healthy)
Ben Maxwell (Healthy), Nicolas Deschamps (Healthy), Jacob Lagacé (Healthy), James Livingstone (Healthy), Alexander Salak (Healthy)
Sami Aittokallio (Healthy)
% Time on Ice - Knights
Lines # - Real PCT - Wanted PCT - Time Play
Normal Forward
1 - 32% - 35% - 15:39
2 - 27% - 30% - 13:13
3 - 24% - 25% - 11:48
4 - 16% - 10% - 7:54
Normal Defense
1 - 39% - 40% - 19:10
2 - 34% - 30% - 16:26
3 - 22% - 20% - 10:49
4 - 4% - 10% - 2:09
PP Forward
1 - 55% - 60% - 3:38
2 - 45% - 40% - 3:00
PP Defense
1 - 57% - 60% - 3:47
2 - 43% - 40% - 2:51
PK Forward
1 - 89% - 60% - 3:31
2 - 11% - 40% - 0:27
PK Defense
1 - 53% - 60% - 2:06
2 - 47% - 40% - 1:52
PK3 Forward
1 - 0% - 60%
2 - 0% - 40%
PK3 Defense
1 - 0% - 60%
2 - 0% - 40%
44 Forward
1 - 0% - 60%
2 - 0% - 40%
44 Defense
1 - 0% - 60%
2 - 0% - 40%
Last Minute Offensive - 0:00
Last Minute Defensive - 0:50
Total
Forward - 60:00
Defense - 60:00
|
% Time on Ice - Blackdemons
Lines # - Real PCT - Wanted PCT - Time Play
Normal Forward
1 - 31% - 37% - 15:03
2 - 30% - 36% - 14:37
3 - 23% - 21% - 11:12
4 - 16% - 6% - 7:43
Normal Defense
1 - 37% - 39% - 17:53
2 - 37% - 38% - 17:51
3 - 18% - 18% - 8:35
4 - 9% - 5% - 4:16
PP Forward
1 - 62% - 60% - 2:27
2 - 38% - 40% - 1:31
PP Defense
1 - 46% - 60% - 1:50
2 - 54% - 40% - 2:08
PK Forward
1 - 68% - 60% - 4:31
2 - 32% - 40% - 2:07
PK Defense
1 - 63% - 60% - 4:09
2 - 37% - 40% - 2:29
PK3 Forward
1 - 0% - 60%
2 - 0% - 40%
PK3 Defense
1 - 0% - 60%
2 - 0% - 40%
44 Forward
1 - 0% - 60%
2 - 0% - 40%
44 Defense
1 - 0% - 60%
2 - 0% - 40%
Last Minute Offensive - 0:49
Last Minute Defensive - 0:00
Total
Forward - 60:00
Defense - 60:00
|
Play by Play
1st period
0:01 of 1st period - Martin Hanzal wins face-off versus Cody Bass in neutral zone.
0:22 of 1st period - Martin Hanzal is hit by Cody Bass and loses puck.
0:30 of 1st period - Off-side.
0:31 of 1st period - Noel Acciari wins face-off versus Patrice Cormier in neutral zone.
1:22 of 1st period - Jeffrey Foss is hit by Cody Bass and loses puck.
2:25 of 1st period - Slapshot by Calvin de Haan.
2:25 of 1st period - Stopped by Magnus Hellberg with a rebound.
2:27 of 1st period - Slapshot by Keaton Ellerby.
2:27 of 1st period - Stopped by Magnus Hellberg with a rebound.
2:29 of 1st period - Slapshot by Keaton Ellerby.
2:29 of 1st period - Stopped by Magnus Hellberg without a rebound.
2:30 of 1st period - Noel Acciari wins face-off versus Martin Hanzal in Knights zone.
2:55 of 1st period - Patrice Cormier is hit by Zach Trotman and loses puck.
3:16 of 1st period - Slapshot by Linden Vey.
3:16 of 1st period - Shot Blocked by Alexandre Grenier.
3:34 of 1st period - Wrist shot by Zach Trotman.
3:34 of 1st period - Shot Blocked by Keaton Ellerby.
4:00 of 1st period - Backhand shot by Ales Kotalik.
4:00 of 1st period - Stopped by Magnus Hellberg with a rebound.
4:15 of 1st period - Off-side.
4:16 of 1st period - Cody Bass wins face-off versus Patrice Cormier in neutral zone.
4:21 of 1st period - Wrist shot by Michael Raffl.
4:21 of 1st period - Stopped by Matt Hackett with a rebound.
4:23 of 1st period - Slapshot by Jimmy Hayes.
4:23 of 1st period - Deflect By Cody Bass.
4:23 of 1st period - Stopped by Matt Hackett without a rebound.
4:24 of 1st period - Patrice Cormier wins face-off versus Jordan Martinook in Blackdemons zone.
4:24 of 1st period - Patrice Cormier is hit by Jordan Martinook.
4:53 of 1st period - Wrist shot by Ronalds Kenins.
4:53 of 1st period - Stopped by Magnus Hellberg with a rebound.
4:55 of 1st period - Wrist shot by Ales Kotalik.
4:55 of 1st period - Shot Blocked by Collin Miller.
5:11 of 1st period - Snap shot by Kevin Hayes.
5:11 of 1st period - Stopped by Matt Hackett with a rebound.
5:36 of 1st period - Wrist shot by Blake Pietila.
5:36 of 1st period - Stopped by Magnus Hellberg with a rebound.
6:08 of 1st period - Icing by Martin Hanzal.
6:09 of 1st period - Martin Hanzal wins face-off versus Cody Bass in Blackdemons zone.
6:22 of 1st period - Slapshot by Ronalds Kenins.
6:22 of 1st period - Stopped by Magnus Hellberg with a rebound.
6:24 of 1st period - Wrist shot by Ronalds Kenins.
6:24 of 1st period - Shot Misses the Net.
7:15 of 1st period - Scott Timmins is hit by Alan Quine and loses puck.
7:23 of 1st period - Minor Penalty to Blake Pietila for Tripping.
7:24 of 1st period - Cody Bass wins face-off versus Patrice Cormier in Blackdemons zone.
7:58 of 1st period - Snap shot by Jimmy Hayes.
7:58 of 1st period - Shot Misses the Net.
8:00 of 1st period - Slapshot by Jaccob Slavin.
8:00 of 1st period - Stopped by Matt Hackett with a rebound.
9:23 of 1st period - Penalty to Blake Pietila is over, Blake Pietila is back on ice.
9:43 of 1st period - Slapshot by Scott Timmins.
9:43 of 1st period - Stopped by Magnus Hellberg without a rebound.
9:44 of 1st period - Brendan Gaunce wins face-off versus Kyle Rau in Knights zone.
10:18 of 1st period - Ronalds Kenins is hit by Matt Puempel and loses puck.
10:25 of 1st period - Keaton Ellerby is hit by Matt Puempel and loses puck.
10:45 of 1st period - Michael Matheson is hit by Branko Radivojevic.
11:07 of 1st period - Snap shot by Kevin Hayes.
11:07 of 1st period - Stopped by Matt Hackett without a rebound.
11:08 of 1st period - Cody Bass wins face-off versus Martin Hanzal in Blackdemons zone.
11:14 of 1st period - Wrist shot by Cody Bass.
11:14 of 1st period - Stopped by Matt Hackett without a rebound.
11:15 of 1st period - Jimmy Hayes wins face-off versus Martin Hanzal in Blackdemons zone.
11:16 of 1st period - Snap shot by Michael Raffl.
11:16 of 1st period - Goal by Michael Raffl - Knights : 1 - Blackdemons : 0.
11:17 of 1st period - Patrice Cormier wins face-off versus Cody Bass in neutral zone.
11:33 of 1st period - Snap shot by Jimmy Hayes.
11:33 of 1st period - Shot Blocked by Patrice Cormier.
11:39 of 1st period - Minor Penalty to Calvin de Haan for Roughing.
11:40 of 1st period - Cody Bass wins face-off versus Patrice Cormier in Blackdemons zone.
13:39 of 1st period - Penalty to Calvin de Haan is over, Calvin de Haan is back on ice.
13:49 of 1st period - Wrist shot by Tom Wilson.
13:49 of 1st period - Deflect By Alan Quine.
13:49 of 1st period - Shot Misses the Net.
13:49 of 1st period - Puck is out of play.
13:50 of 1st period - Alan Quine wins face-off versus Scott Timmins in Blackdemons zone.
13:55 of 1st period - Slapshot by Jared Spurgeon.
13:55 of 1st period - Shot Blocked by Scott Timmins.
13:57 of 1st period - Slapshot by Jacob Trouba.
13:57 of 1st period - Stopped by Matt Hackett without a rebound.
13:58 of 1st period - Scott Timmins wins face-off versus Cody Bass in Blackdemons zone.
14:05 of 1st period - Snap shot by Blake Pietila.
14:05 of 1st period - Shot Misses the Net.
14:07 of 1st period - Wrist shot by Max Friberg.
14:07 of 1st period - Shot Misses the Net.
14:23 of 1st period - Michael Raffl is hit by Martin Hanzal and loses puck.
15:19 of 1st period - Off-side.
15:20 of 1st period - Noel Acciari wins face-off versus Martin Hanzal in neutral zone.
16:46 of 1st period - Snap shot by Ales Kotalik.
16:46 of 1st period - Stopped by Magnus Hellberg without a rebound.
16:47 of 1st period - Patrice Cormier wins face-off versus Cody Bass in Knights zone.
16:56 of 1st period - Snap shot by Cody Bass.
16:56 of 1st period - Shot Misses the Net.
17:02 of 1st period - Wrist shot by Cody Bass.
17:02 of 1st period - Goal by Cody Bass - Knights : 2 - Blackdemons : 0.
17:03 of 1st period - Cody Bass wins face-off versus Martin Hanzal in neutral zone.
17:11 of 1st period - Off-side.
17:12 of 1st period - Martin Hanzal wins face-off versus Cody Bass in neutral zone.
17:41 of 1st period - Slapshot by Jared Spurgeon.
17:41 of 1st period - Shot Blocked by Ales Kotalik.
17:43 of 1st period - Slapshot by Jared Spurgeon.
17:43 of 1st period - Shot Blocked by Ales Kotalik.
17:45 of 1st period - Snap shot by Michael Raffl.
17:45 of 1st period - Deflect By Jimmy Hayes.
17:45 of 1st period - Shot Blocked by Ales Kotalik.
17:45 of 1st period - Puck is out of play.
17:46 of 1st period - Noel Acciari wins face-off versus Patrice Cormier in Blackdemons zone.
17:49 of 1st period - Snap shot by Noel Acciari.
17:49 of 1st period - Deflect By Kevin Hayes.
17:49 of 1st period - Goal by Kevin Hayes - Knights : 3 - Blackdemons : 0.
17:50 of 1st period - Patrice Cormier wins face-off versus Noel Acciari in neutral zone.
17:52 of 1st period - Minor Penalty to Mathew Dumba for Hooking.
17:53 of 1st period - Patrice Cormier wins face-off versus Cody Bass in Blackdemons zone.
17:58 of 1st period - Icing by Michael Raffl.
17:59 of 1st period - Cody Bass wins face-off versus Patrice Cormier in Knights zone.
18:08 of 1st period - Ronalds Kenins is hit by Kevin Hayes and loses puck.
18:33 of 1st period - Slapshot by Jaccob Slavin.
18:33 of 1st period - Goal by Jaccob Slavin - Knights : 4 - Blackdemons : 0.
18:34 of 1st period - Noel Acciari wins face-off versus Patrice Cormier in neutral zone.
18:47 of 1st period - Wrist shot by Noel Acciari.
18:47 of 1st period - Deflect By Scott Wilson.
18:47 of 1st period - Shot Misses the Net.
18:47 of 1st period - Puck is out of play.
18:48 of 1st period - Martin Hanzal wins face-off versus Brendan Gaunce in Blackdemons zone.
19:21 of 1st period - Snap shot by Jimmy Hayes.
19:21 of 1st period - Shot Misses the Net.
19:23 of 1st period - Wrist shot by Michael Raffl.
19:23 of 1st period - Stopped by Matt Hackett without a rebound.
19:24 of 1st period - Noel Acciari wins face-off versus Patrice Cormier in Blackdemons zone.
19:50 of 1st period - Cody Bass is hit by Mathew Dumba and loses puck.
19:57 of 1st period - Cody Bass is hit by Mathew Dumba and loses puck.
Goals for this period are 4 for Knights vs 0 for Blackdemons.
Shots for this period are 12 for Knights vs 9 for Blackdemons.
2nd period
0:01 of 2nd period - Noel Acciari wins face-off versus Patrice Cormier in neutral zone.
0:06 of 2nd period - Slapshot by Jacob Trouba.
0:06 of 2nd period - Stopped by Matt Hackett with a rebound.
0:32 of 2nd period - Snap shot by Noel Acciari.
0:32 of 2nd period - Stopped by Matt Hackett with a rebound.
0:36 of 2nd period - Snap shot by Kevin Hayes.
0:36 of 2nd period - Shot Blocked by Mathew Dumba.
0:38 of 2nd period - Snap shot by Noel Acciari.
0:38 of 2nd period - Stopped by Matt Hackett without a rebound.
0:39 of 2nd period - Brendan Gaunce wins face-off versus Patrice Cormier in Blackdemons zone.
0:42 of 2nd period - Wrist shot by Brendan Gaunce.
0:42 of 2nd period - Stopped by Matt Hackett with a rebound.
0:44 of 2nd period - Snap shot by Brendan Gaunce.
0:44 of 2nd period - Stopped by Matt Hackett with a rebound.
0:46 of 2nd period - Slapshot by Zach Trotman.
0:46 of 2nd period - Stopped by Matt Hackett without a rebound.
0:47 of 2nd period - Patrice Cormier wins face-off versus Brendan Gaunce in Blackdemons zone.
1:58 of 2nd period - Slapshot by Andrew MacDonald.
1:58 of 2nd period - Shot Blocked by Matt Puempel.
2:04 of 2nd period - Snap shot by Alan Quine.
2:04 of 2nd period - Stopped by Matt Hackett without a rebound.
2:05 of 2nd period - Cody Bass wins face-off versus Martin Hanzal in Blackdemons zone.
2:41 of 2nd period - Snap shot by Kevin Hayes.
2:41 of 2nd period - Shot Blocked by Keaton Ellerby.
3:15 of 2nd period - Slapshot by Jared Spurgeon.
3:15 of 2nd period - Stopped by Matt Hackett with a rebound.
3:17 of 2nd period - Slapshot by Jacob Trouba.
3:17 of 2nd period - Stopped by Matt Hackett without a rebound.
3:18 of 2nd period - Kyle Rau wins face-off versus Cody Bass in Blackdemons zone.
3:29 of 2nd period - Slapshot by Sergei Plotnikov.
3:29 of 2nd period - Stopped by Magnus Hellberg with a rebound.
3:43 of 2nd period - Snap shot by Andy McDonald.
3:43 of 2nd period - Shot Misses the Net.
3:45 of 2nd period - Snap shot by Branko Radivojevic.
3:45 of 2nd period - Goal by Branko Radivojevic - Knights : 4 - Blackdemons : 1.
3:46 of 2nd period - Patrice Cormier wins face-off versus Cody Bass in neutral zone.
3:58 of 2nd period - Slapshot by Cody Bass.
3:58 of 2nd period - Shot Misses the Net.
4:00 of 2nd period - Slapshot by Jimmy Hayes.
4:00 of 2nd period - Shot Misses the Net.
4:02 of 2nd period - Wrist shot by Jared Spurgeon.
4:02 of 2nd period - Stopped by Matt Hackett without a rebound.
4:03 of 2nd period - Martin Hanzal wins face-off versus Brendan Gaunce in Blackdemons zone.
4:15 of 2nd period - Off-side.
4:16 of 2nd period - Cody Bass wins face-off versus Patrice Cormier in neutral zone.
5:26 of 2nd period - Slapshot by Jared Spurgeon.
5:26 of 2nd period - Deflect By Calvin de Haan.
5:26 of 2nd period - Stopped by Matt Hackett without a rebound.
5:27 of 2nd period - Alan Quine wins face-off versus Scott Timmins in Blackdemons zone.
5:48 of 2nd period - Snap shot by Scott Timmins.
5:48 of 2nd period - Stopped by Magnus Hellberg with a rebound.
5:50 of 2nd period - Snap shot by Scott Timmins.
5:50 of 2nd period - Deflect By Zach Trotman.
5:50 of 2nd period - Shot Blocked by Jimmy Hayes.
5:50 of 2nd period - Puck is out of play.
5:51 of 2nd period - Patrice Cormier wins face-off versus Cody Bass in Knights zone.
6:44 of 2nd period - Slapshot by Blake Pietila.
6:44 of 2nd period - Stopped by Magnus Hellberg with a rebound.
6:46 of 2nd period - Slapshot by Calvin de Haan.
6:46 of 2nd period - Shot Misses the Net.
6:48 of 2nd period - Snap shot by Calvin de Haan.
6:48 of 2nd period - Goal by Calvin de Haan - Knights : 4 - Blackdemons : 2.
6:49 of 2nd period - Martin Hanzal wins face-off versus Brendan Gaunce in neutral zone.
9:07 of 2nd period - Wrist shot by Alexandre Grenier.
9:07 of 2nd period - Shot Misses the Net.
9:54 of 2nd period - Slapshot by Jaccob Slavin.
9:54 of 2nd period - Shot Blocked by Andrew MacDonald.
10:52 of 2nd period - Cody Bass is hit by Ales Kotalik and loses puck.
10:57 of 2nd period - Wrist shot by Martin Hanzal.
10:57 of 2nd period - Shot Misses the Net.
10:59 of 2nd period - Slapshot by Ronalds Kenins.
10:59 of 2nd period - Shot Misses the Net.
11:01 of 2nd period - Wrist shot by Ales Kotalik.
11:01 of 2nd period - Shot Misses the Net.
11:11 of 2nd period - Blake Pietila is hit by Jacob Trouba.
11:36 of 2nd period - Slapshot by Andy McDonald.
11:36 of 2nd period - Shot Blocked by Zach Trotman.
11:38 of 2nd period - Wrist shot by Branko Radivojevic.
11:38 of 2nd period - Shot Misses the Net.
11:40 of 2nd period - Snap shot by Patrice Cormier.
11:40 of 2nd period - Goal by Patrice Cormier - Knights : 4 - Blackdemons : 3.
11:41 of 2nd period - Patrice Cormier wins face-off versus Cody Bass in neutral zone.
11:46 of 2nd period - Slapshot by Andy McDonald.
11:46 of 2nd period - Shot Misses the Net.
12:03 of 2nd period - Icing by Jacob Trouba.
12:04 of 2nd period - Noel Acciari wins face-off versus Martin Hanzal in Knights zone.
12:19 of 2nd period - Wrist shot by Jared Spurgeon.
12:19 of 2nd period - Shot Hit the Post.
12:54 of 2nd period - Snap shot by Alexandre Grenier.
12:54 of 2nd period - Stopped by Magnus Hellberg with a rebound.
12:56 of 2nd period - Slapshot by Jeffrey Foss.
12:56 of 2nd period - Shot Blocked by Zach Trotman.
12:58 of 2nd period - Slapshot by Jeffrey Foss.
12:58 of 2nd period - Deflect By Kyle Rau.
12:58 of 2nd period - Shot Blocked by Jaccob Slavin.
12:58 of 2nd period - Puck is out of play.
12:59 of 2nd period - Martin Hanzal wins face-off versus Noel Acciari in Knights zone.
13:33 of 2nd period - Slapshot by Calvin de Haan.
13:33 of 2nd period - Deflect By Patrice Cormier.
13:33 of 2nd period - Stopped by Magnus Hellberg with a rebound.
13:48 of 2nd period - Minor Penalty to Calvin de Haan for Tripping.
13:49 of 2nd period - Cody Bass wins face-off versus Patrice Cormier in Blackdemons zone.
14:14 of 2nd period - Brendan Gaunce is hit by Ronalds Kenins and loses puck.
14:36 of 2nd period - Icing by Collin Miller.
14:37 of 2nd period - Cody Bass wins face-off versus Martin Hanzal in Knights zone.
14:48 of 2nd period - Mathew Dumba is hit by Michael Raffl and loses puck.
15:48 of 2nd period - Penalty to Calvin de Haan is over, Calvin de Haan is back on ice.
16:10 of 2nd period - Scott Timmins is hit by Matt Puempel and loses puck.
16:27 of 2nd period - Snap shot by Kyle Rau.
16:27 of 2nd period - Shot Blocked by Jordan Martinook.
16:29 of 2nd period - Snap shot by Alexandre Grenier.
16:29 of 2nd period - Shot Misses the Net.
16:39 of 2nd period - Ronalds Kenins is hit by Kevin Hayes and loses puck.
17:24 of 2nd period - Jared Spurgeon is hit by Ales Kotalik.
17:52 of 2nd period - Branko Radivojevic is hit by Zach Trotman and loses puck.
17:59 of 2nd period - Snap shot by Linden Vey.
17:59 of 2nd period - Stopped by Matt Hackett with a rebound.
18:38 of 2nd period - Wrist shot by Ales Kotalik.
18:38 of 2nd period - Shot Blocked by Collin Miller.
18:50 of 2nd period - Snap shot by Jimmy Hayes.
18:50 of 2nd period - Deflect By Jeffrey Foss.
18:50 of 2nd period - Shot Blocked by Sergei Plotnikov.
18:50 of 2nd period - Puck is out of play.
18:51 of 2nd period - Kyle Rau wins face-off versus Cody Bass in Blackdemons zone.
19:26 of 2nd period - Kyle Rau is hit by Jimmy Hayes and loses puck.
19:35 of 2nd period - Snap shot by Calvin de Haan.
19:35 of 2nd period - Stopped by Magnus Hellberg with a rebound.
19:37 of 2nd period - Slapshot by Calvin de Haan.
19:37 of 2nd period - Shot Misses the Net.
19:39 of 2nd period - Wrist shot by Sergei Plotnikov.
19:39 of 2nd period - Shot Blocked by Michael Raffl.
19:45 of 2nd period - Slapshot by Jaccob Slavin.
19:45 of 2nd period - Shot Blocked by Alexandre Grenier.
19:45 of 2nd period - Alexandre Grenier from Blackdemons is injured at 19:45 of 2nd period (Right Hand).
19:46 of 2nd period - Martin Hanzal wins face-off versus Noel Acciari in Blackdemons zone.
Goals for this period are 0 for Knights vs 3 for Blackdemons.
Shots for this period are 12 for Knights vs 9 for Blackdemons.
3rd period
0:01 of 3rd period - Martin Hanzal wins face-off versus Brendan Gaunce in neutral zone.
0:26 of 3rd period - Jared Spurgeon is hit by Andrew MacDonald and loses puck.
0:31 of 3rd period - Wrist shot by Andy McDonald.
0:31 of 3rd period - Stopped by Magnus Hellberg with a rebound.
0:55 of 3rd period - Wrist shot by Cody Bass.
0:55 of 3rd period - Shot Misses the Net.
1:51 of 3rd period - Snap shot by Kevin Hayes.
1:51 of 3rd period - Shot Misses the Net.
1:53 of 3rd period - Slapshot by Collin Miller.
1:53 of 3rd period - Stopped by Matt Hackett with a rebound.
1:55 of 3rd period - Snap shot by Scott Wilson.
1:55 of 3rd period - Shot Misses the Net.
3:56 of 3rd period - Snap shot by Branko Radivojevic.
3:56 of 3rd period - Shot Misses the Net.
3:58 of 3rd period - Snap shot by Branko Radivojevic.
3:58 of 3rd period - Goal by Branko Radivojevic - Knights : 4 - Blackdemons : 4.
3:59 of 3rd period - Martin Hanzal wins face-off versus Noel Acciari in neutral zone.
4:55 of 3rd period - Wrist shot by Alan Quine.
4:55 of 3rd period - Stopped by Matt Hackett with a rebound.
5:09 of 3rd period - Snap shot by Ales Kotalik.
5:09 of 3rd period - Shot Misses the Net.
5:11 of 3rd period - Slapshot by Keaton Ellerby.
5:11 of 3rd period - Stopped by Magnus Hellberg with a rebound.
5:13 of 3rd period - Slapshot by Calvin de Haan.
5:13 of 3rd period - Deflect By Jaccob Slavin.
5:13 of 3rd period - Stopped by Magnus Hellberg without a rebound.
5:14 of 3rd period - Patrice Cormier wins face-off versus Cody Bass in Knights zone.
5:19 of 3rd period - Snap shot by Patrice Cormier.
5:19 of 3rd period - Shot Blocked by Cody Bass.
5:23 of 3rd period - Slapshot by Patrice Cormier.
5:23 of 3rd period - Shot Misses the Net.
5:25 of 3rd period - Slapshot by Mathew Dumba.
5:25 of 3rd period - Deflect By Branko Radivojevic.
5:25 of 3rd period - Shot Misses the Net.
5:25 of 3rd period - Puck is out of play.
5:26 of 3rd period - Patrice Cormier wins face-off versus Noel Acciari in Knights zone.
5:53 of 3rd period - Andrew MacDonald is hit by Jordan Martinook and loses puck.
6:06 of 3rd period - Slapshot by Calvin de Haan.
6:06 of 3rd period - Shot Hit the Post.
6:33 of 3rd period - Slapshot by Brendan Gaunce.
6:33 of 3rd period - Stopped by Matt Hackett without a rebound.
6:34 of 3rd period - Cody Bass wins face-off versus Patrice Cormier in Blackdemons zone.
6:59 of 3rd period - Martin Hanzal is hit by Jaccob Slavin and loses puck.
7:11 of 3rd period - Minor Penalty to Michael Matheson for Holding.
7:12 of 3rd period - Kevin Hayes wins face-off versus Martin Hanzal in Knights zone.
7:12 of 3rd period - Kevin Hayes is hit by Mathew Dumba.
7:25 of 3rd period - Icing by Martin Hanzal.
7:26 of 3rd period - Kevin Hayes wins face-off versus Martin Hanzal in Blackdemons zone.
7:27 of 3rd period - Wrist shot by Michael Raffl.
7:27 of 3rd period - Shot Blocked by Martin Hanzal.
7:39 of 3rd period - Michael Raffl is hit by Martin Hanzal.
8:38 of 3rd period - Andy McDonald is hit by Jared Spurgeon and loses puck.
9:11 of 3rd period - Penalty to Michael Matheson is over, Michael Matheson is back on ice.
9:39 of 3rd period - Wrist shot by Blake Pietila.
9:39 of 3rd period - Stopped by Magnus Hellberg without a rebound.
9:40 of 3rd period - Brendan Gaunce wins face-off versus Ales Kotalik in Knights zone.
10:01 of 3rd period - Scott Wilson is hit by Scott Timmins and loses puck.
10:06 of 3rd period - Snap shot by Scott Timmins.
10:06 of 3rd period - Stopped by Magnus Hellberg with a rebound.
10:50 of 3rd period - Roman Josi is hit by Cody Bass and loses puck.
11:01 of 3rd period - Slapshot by Jeffrey Foss.
11:01 of 3rd period - Stopped by Magnus Hellberg without a rebound.
11:02 of 3rd period - Scott Timmins wins face-off versus Brendan Gaunce in Knights zone.
11:06 of 3rd period - Icing by Zach Trotman.
11:07 of 3rd period - Brendan Gaunce wins face-off versus Scott Timmins in Knights zone.
11:16 of 3rd period - Snap shot by Linden Vey.
11:16 of 3rd period - Stopped by Matt Hackett without a rebound.
11:17 of 3rd period - Patrice Cormier wins face-off versus Cody Bass in Blackdemons zone.
11:28 of 3rd period - Snap shot by Andy McDonald.
11:28 of 3rd period - Shot Misses the Net.
11:30 of 3rd period - Slapshot by Mathew Dumba.
11:30 of 3rd period - Shot Misses the Net.
11:32 of 3rd period - Slapshot by Mathew Dumba.
11:32 of 3rd period - Shot Misses the Net.
12:02 of 3rd period - Snap shot by Calvin de Haan.
12:02 of 3rd period - Deflect By Max Friberg.
12:02 of 3rd period - Shot Misses the Net.
12:02 of 3rd period - Puck is out of play.
12:03 of 3rd period - Scott Timmins wins face-off versus Cody Bass in Knights zone.
13:39 of 3rd period - Icing by Roman Josi.
13:40 of 3rd period - Scott Timmins wins face-off versus Cody Bass in Blackdemons zone.
14:16 of 3rd period - Off-side.
14:17 of 3rd period - Martin Hanzal wins face-off versus Brendan Gaunce in neutral zone.
14:22 of 3rd period - Wrist shot by Martin Hanzal.
14:22 of 3rd period - Deflect By Ales Kotalik.
14:22 of 3rd period - Stopped by Magnus Hellberg with a rebound.
14:26 of 3rd period - Wrist shot by Ales Kotalik.
14:26 of 3rd period - Shot Misses the Net.
14:28 of 3rd period - Slapshot by Ales Kotalik.
14:28 of 3rd period - Deflect By Martin Hanzal.
14:28 of 3rd period - Shot Blocked by Jordan Martinook.
14:28 of 3rd period - Puck is out of play.
14:29 of 3rd period - Cody Bass wins face-off versus Patrice Cormier in Knights zone.
14:43 of 3rd period - Snap shot by Patrice Cormier.
14:43 of 3rd period - Stopped by Magnus Hellberg with a rebound.
14:55 of 3rd period - Noel Acciari is hit by Ronalds Kenins and loses puck.
15:02 of 3rd period - Snap shot by Andrew MacDonald.
15:02 of 3rd period - Stopped by Magnus Hellberg with a rebound.
15:22 of 3rd period - Wrist shot by Linden Vey.
15:22 of 3rd period - Goal by Linden Vey - Knights : 5 - Blackdemons : 4.
15:23 of 3rd period - Martin Hanzal wins face-off versus Brendan Gaunce in neutral zone.
15:36 of 3rd period - Snap shot by Martin Hanzal.
15:36 of 3rd period - Shot Misses the Net.
15:53 of 3rd period - Zach Trotman is hit by Kyle Rau.
16:35 of 3rd period - Wrist shot by Jared Spurgeon.
16:35 of 3rd period - Shot Blocked by Patrice Cormier.
16:37 of 3rd period - Wrist shot by Matt Puempel.
16:37 of 3rd period - Stopped by Matt Hackett without a rebound.
16:37 of 3rd period - Minor Penalty to Alan Quine for Interference.
16:38 of 3rd period - Martin Hanzal wins face-off versus Kevin Hayes in Knights zone.
17:47 of 3rd period - Andy McDonald is hit by Jaccob Slavin and loses puck.
18:26 of 3rd period - Matt Puempel is hit by Martin Hanzal and loses puck.
18:37 of 3rd period - Penalty to Alan Quine is over, Alan Quine is back on ice.
18:43 of 3rd period - Wrist shot by Patrice Cormier.
18:43 of 3rd period - Stopped by Magnus Hellberg without a rebound.
18:44 of 3rd period - Patrice Cormier wins face-off versus Brendan Gaunce in Knights zone.
18:45 of 3rd period - Blackdemons, Matt Hackett is pulled from the net.
19:16 of 3rd period - Snap shot by Cody Bass.
19:16 of 3rd period - Goal by Cody Bass - Knights : 6 - Blackdemons : 4.
19:16 of 3rd period - Matt Hackett from Blackdemons was sent back in the game.
19:17 of 3rd period - Kyle Rau wins face-off versus Brendan Gaunce in neutral zone.
19:23 of 3rd period - Slapshot by Ales Kotalik.
19:23 of 3rd period - Goal by Ales Kotalik - Knights : 6 - Blackdemons : 5.
19:24 of 3rd period - Cody Bass wins face-off versus Martin Hanzal in neutral zone.
19:33 of 3rd period - Blackdemons, Matt Hackett is pulled from the net.
19:53 of 3rd period - Slapshot by Martin Hanzal.
19:53 of 3rd period - Shot Misses the Net.
19:55 of 3rd period - Snap shot by Branko Radivojevic.
19:55 of 3rd period - Stopped by Magnus Hellberg with a rebound.
Goals for this period are 2 for Knights vs 2 for Blackdemons.
Shots for this period are 7 for Knights vs 13 for Blackdemons.
Back to the Top